[Event "Moja Open Prestige 2022"]
[Site "Kimberley"]
[Date "2022.03.22"]
[Round "7.2"]
[White "Mncwabe, Minenhle Junior"]
[Black "Makoto, Rodwell"]
[Result "0-1"]
[ECO "E68"]
[WhiteElo "1730"]
[BlackElo "2349"]
[Annotator "ChessBase"]
[PlyCount "84"]
[EventDate "2022.03.19"]
[EventType "swiss"]
[EventCountry "RSA"]
[SourceTitle "playchess.com"]
[Source "ChessBase"]
[SourceQuality "1"]
[TimeControl "5400+30"]

1. c4 Nf6 2. g3 g6 3. Nc3 Bg7 4. Bg2 O-O 5. Nf3 c6 6. e4 d6 7. O-O e5 8. b3 Nbd7 9. Bb2 Nc5 10. d4 exd4 11. Nxd4 Re8 12. Re1 a5 13. Qc2 Qb6 14. Rad1 a4 15. Nxa4 Nxa4 16. bxa4 Qb4 17. Nb3 Rxa4 18. Bc3 Qb6 19. Rxd6 Rxc4 20. Qd3 Rxc3 21. Qxc3 Nxe4 22. Rxe4 Re6 23. Re5 Rxe5 24. Qd2 Re8 25. h4 h5 26. Qa5 Qxa5 27. Nxa5 Bf8 28. Rd1 Bb4 29. Nc4 Be6 30. Rb1 c5 31. Nd6 Bxa2 32. Ra1 Re1+ 33. Rxe1 Bxe1 34. Bxb7 c4 35. Be4 Kf8 36. Kf1 Bb4 37. Nb5 c3 38. Nd4 Bc4+ 39. Kg2 Bc5 40. Nf3 f5 41. Bc2 Bd5 42. Be4 Bb3 0-1

[Event "Moja Open Prestige 2022"]
[Site "Kimberley"]
[Date "2022.03.22"]
[Round "7.3"]
[White "Smit, Devon"]
[Black "Mathebula, Xolani Cebo"]
[Result "1-0"]
[ECO "C77"]
[WhiteElo "1713"]
[BlackElo "1752"]
[Annotator "NA"]
[PlyCount "73"]
[EventDate "2022.03.19"]
[EventType "swiss"]
[EventCountry "RSA"]
[SourceTitle "playchess.com"]
[Source "ChessBase"]
[SourceQuality "1"]
[TimeControl "5400+30"]

1. e4 e5 2. Nf3 Nc6 3. Bb5 a6 4. Ba4 Nf6 5. Qe2 b5 6. Bb3 Bc5 7. d3 d6 8. c3 Bg4 9. h3 Bd7 10. Nbd2 O-O 11. Nf1 Re8 12. Ng3 Bb6 13. O-O Na5 14. Bc2 c5 15. Nh4 Nd5 16. Nhf5 Bxf5 17. Nxf5 Ne7 18. Nxe7+ Qxe7 19. Be3 Qc7 20. Rad1 Re6 21. f4 exf4 22. Rxf4 Rae8 23. Qf2 d5 24. Rf1 R6e7 25. Rf5 d4 26. cxd4 cxd4 27. Bf4 Qa7 28. b4 Nc4 29. Bb3 Ne3 30. Rxf7 Rxf7 31. Bb8 Rxb8 32. Bxf7+ Kh8 33. Be8 h6 34. Qf8+ Kh7 35. Rf7 Qxf7 36. Qxf7 Kh8 37. Qf8+ 1-0

[Event "Moja Open Prestige 2022"]
[Site "Kimberley"]
[Date "2022.03.22"]
[Round "7.7"]
[White "Willenberg, Kenneth Sean"]
[Black "Mthunzi, Clive"]
[Result "1/2-1/2"]
[ECO "B19"]
[WhiteElo "1945"]
[BlackElo "1888"]
[Annotator "NA"]
[PlyCount "42"]
[EventDate "2022.03.19"]
[EventType "swiss"]
[EventCountry "RSA"]
[SourceTitle "playchess.com"]
[Source "ChessBase"]
[SourceQuality "1"]
[TimeControl "5400+30"]

1. e4 c6 2. d4 d5 3. Nd2 dxe4 4. Nxe4 Bf5 5. Ng3 Bg6 6. h4 h6 7. h5 Bh7 8. Nf3 Nd7 9. Bd3 Bxd3 10. Qxd3 e6 11. Bd2 Ngf6 12. O-O-O Bd6 13. Ne4 Nxe4 14. Qxe4 Nf6 15. Qe2 Qe7 16. Kb1 O-O-O 17. c4 Kb8 18. Bc3 Bb4 19. Bxb4 Qxb4 20. Ne5 Qe7 21. Rh3 Ka8 1/2-1/2

[Event "Moja Open Prestige 2022"]
[Site "Kimberley"]
[Date "2022.03.22"]
[Round "7.8"]
[White "Karsten, Jan"]
[Black "Dunn, Andrew M"]
[Result "1-0"]
[ECO "B23"]
[WhiteElo "1679"]
[BlackElo "2117"]
[Annotator "NA"]
[PlyCount "75"]
[EventDate "2022.03.19"]
[EventType "swiss"]
[EventCountry "RSA"]
[SourceTitle "playchess.com"]
[Source "ChessBase"]
[SourceQuality "1"]
[TimeControl "5400+30"]

1. e4 c5 2. Nc3 e6 3. f4 Nc6 4. Nf3 d5 5. exd5 exd5 6. Bb5 Nf6 7. O-O Be7 8. Ne5 Bd7 9. Qf3 O-O 10. Bxc6 Bxc6 11. Nxc6 bxc6 12. b3 Rb8 13. Ba3 Qa5 14. Bb2 Rfe8 15. Rfe1 Bd6 16. Qg3 d4 17. Nb1 Nh5 18. Qf2 Nxf4 19. Na3 Qd8 20. Rxe8+ Qxe8 21. Re1 Qd8 22. Nc4 Qg5 23. Qf3 Bf8 24. Rf1 Ng6 25. Qxf7+ Kh8 26. Qxa7 Rd8 27. Qf7 h6 28. Qf5 Qxf5 29. Rxf5 Re8 30. Kf2 Kh7 31. a4 Re6 32. a5 Kg8 33. Ba3 Nh4 34. Rxf8+ Kxf8 35. Bxc5+ Ke8 36. a6 Kd7 37. a7 Re8 38. a8=Q 1-0